Map: Odyssée EC

Players

zidar - Winner!

  • Race: Zerg Zerg
  • League: Gold
  • Spawn Location: 5:00

seth

  • Race: Protoss Protoss
  • League: Gold
  • Spawn Location: 11:00

VOD

Have the link to the VOD?

Description

Time

  • Played on: Sept. 4, 2017, 2:09 p.m.
  • Length: 13:14
Show
View Real Time Build Order
Export as new Build Order

zidar Zerg - Winner!

Build Orders: Pool First 

Get SALT Encoding   

  12  0:03  Drone  
  13  0:12  Overlord  
  13  0:17  Drone  
  14  0:30  Drone x2  
  14  0:35  Drone  
  17  0:48  Spawning Pool  
  16  0:51  Drone  
  17  0:57  Drone  
  18  1:18  Hatchery  
  17  1:21  Drone  
  17  1:25  Drone  
  19  1:28  Extractor  
  18  1:36  Queen  
  20  1:44  Overlord  
  20  2:03  Drone  
  21  2:12  Queen  
  22  2:23  Zergling x2  
  22  2:24  Zergling x2  
  22  2:27  Metabolic Boost  
  24  2:35  Drone x3  
  27  2:39  Queen  
  29  2:58  Baneling Nest  
  28  2:59  Drone x4  
  28  3:04  Overlord  
  32  3:08  Drone  
  32  3:11  Drone  
  34  3:25  Drone x3  
  34  3:26  Drone  
  38  3:30  Drone  
  38  3:31  Overlord  
  38  3:34  Overlord  
  38  3:51  Drone x5  
  38  3:52  Drone x2  
  45  4:09  Extractor  
  44  4:11  Lair, Hatchery  
  43  4:18  Extractor  
  42  4:27  Pneumatized Carapace  
  42  5:04  Evolution Chamber  
  41  5:07  Evolution Chamber  
  41  5:10  Queen  
  42  5:32  Centrifical Hooks  
  42  5:35  Zergling x2  
  42  5:36  Zergling x22  
  54  5:51  Overlord  
  54  5:53  Overlord x3  
  54  5:57  Baneling x7  
  54  6:01  Zerg Ground Armor Level 1, Zerg Melee Weapons Level 1  
  54  6:07  Drone x8  
  54  6:08  Drone  
  54  6:09  Drone  
  54  6:10  Drone x4  
  68  6:16  Extractor  
  67  6:21  Overlord  
  67  6:28  Infestation Pit  
  66  6:32  Overseer  
  66  6:57  Drone x9  
  66  6:58  Drone x4  
  66  6:59  Drone x2  
  69  7:22  Drone x8  
  77  7:33  Extractor  
  77  7:35  Extractor  
  75  7:45  Spire, Hive  
  74  7:52  Overlord x8  
  74  8:11  Zerg Ground Armor Level 2, Zerg Melee Weapons Level 2  
  74  8:56  Drone  
  74  8:57  Drone x6  
  74  8:58  Drone  
  74  9:01  Greater Spire  
  82  9:03  Adrenal Glands  
  68  9:30  Drone x4  
  68  9:31  Drone x4  
  75  9:32  Drone x2  
  78  9:40  Overlord  
  78  9:41  Overlord  
  78  9:50  Corruptor x3  
  78  9:51  Corruptor x3  
  90  9:55  Zergling x2  
  90  9:56  Zergling x32  
  107  10:09  Hatchery  
  106  10:30  Brood Lord x6  
  106  10:34  Zergling x32  
  134  10:36  Baneling x9  
  134  10:37  Baneling x3  
  134  11:00  Baneling x14  
  134  11:03  Hatchery  
  133  11:15  Zergling x22  
  144  11:25  Zergling x8  
  148  11:38  Zergling x6  
  148  11:39  Zergling x10  
  139  12:13  Zergling x18  
  139  12:14  Zergling x14  
  106  12:44  Zergling x24  
Show
View Real Time Build Order
Export as new Build Order

seth Protoss 

Build Orders:  

Get SALT Encoding   

  12  0:01  Probe (Chrono Boost)  
  13  0:17  Pylon  
  13  0:18  Probe (Chrono Boost)  
  14  0:39  Gateway  
  14  0:42  Probe (Chrono Boost)  
  15  0:46  Assimilator  
  15  0:53  Probe (Chrono Boost)  
  16  1:03  Probe (Chrono Boost), Pylon  
  17  1:15  Probe (Chrono Boost)  
  18  1:26  Probe (Chrono Boost)  
  18  1:28  Cybernetics Core  
  19  1:35  Pylon  
  19  1:36  Zealot (Chrono Boost)  
  19  1:39  Probe  
  22  1:51  Probe (Chrono Boost)  
  23  2:08  Warp Gate (Chrono Boost)  
  23  2:10  Mothership Core (Chrono Boost)  
  25  2:22  Assimilator  
  25  2:30  Probe (Chrono Boost)  
  26  2:44  Pylon  
  26  2:46  Nexus  
  26  2:51  Pylon  
  26  2:58  Probe  
  27  3:09  Twilight Council  
  27  3:10  Probe  
  28  3:28  Gateway  
  28  3:38  Gateway  
  28  3:43  Gateway  
  28  3:48  Pylon  
  28  3:50  Charge (Chrono Boost)  
  28  3:59  Probe  
  28  4:00  Probe  
  30  4:09  Probe  
  30  4:12  Probe  
  32  4:20  Probe  
  32  4:22  Dark Shrine  
  33  4:24  Probe  
  34  4:40  Gateway  
  34  4:41  Gateway  
  34  4:42  Gateway  
  34  4:49  Gateway, Pylon  
  34  4:51  Probe  
  35  4:52  Probe  
  35  4:55  Pylon  
  35  4:59  Pylon  
  36  5:05  Pylon  
  36  5:26  Stalker x3  
  36  5:27  Stalker  
  44  5:59  Dark Templar x2  
  44  6:00  Dark Templar  
  44  6:01  Dark Templar  
  52  6:09  Probe  
  52  6:10  Probe  
  54  6:20  Probe  
  54  6:23  Probe  
  56  6:28  Stalker x2  
  56  6:29  Stalker x2  
  56  6:30  Probe  
  65  6:35  Probe  
  65  6:36  Assimilator  
  65  6:38  Assimilator  
  66  6:41  Probe  
  66  6:46  Stalker x2  
  72  6:47  Probe, Zealot  
  72  6:48  Zealot  
  68  7:24  Probe  
  68  7:26  Probe  
  70  7:35  Probe (Chrono Boost), Zealot x2  
  70  7:36  Zealot x3  
  81  7:37  Zealot x2  
  81  7:38  Probe (Chrono Boost)  
  81  7:39  Zealot  
  88  7:50  Pylon  
  88  7:57  Dark Templar  
  88  7:58  Dark Templar  
  92  7:59  Dark Templar x2  
  92  8:01  Zealot  
  92  8:02  Zealot x3  
  104  8:23  Zealot  
  104  8:24  Zealot x2  
  104  8:25  Zealot  
  112  8:32  Dark Templar x2  
  116  8:36  Dark Templar  
  118  8:48  Pylon  
  118  8:54  Pylon  
  110  9:17  Dark Templar  
  110  9:18  Zealot x2  
  110  9:19  Zealot x2  
  110  9:20  Zealot x2  
  110  9:21  Zealot  
  121  9:36  Probe x2 (Chrono Boost)  
  123  9:46  Probe x2 (Chrono Boost)  
  123  9:52  Archon x2  
  125  9:56  Dark Templar  
  125  9:57  Dark Templar x2  
  125  9:58  Dark Templar  
  133  10:10  Pylon  
  133  10:14  Pylon  
  133  10:30  Archon x2  
  133  10:33  Nexus  
  133  10:38  Pylon  
  133  10:39  Robotics Facility  
  133  10:43  Pylon  
  133  10:44  Robotics Facility  
  133  10:46  Pylon  
  133  10:47  Pylon  
  133  10:48  Pylon  
  133  10:51  Pylon x2  
  133  10:53  Pylon  
  133  10:54  Pylon  
  133  10:58  Dark Templar x2  
  137  11:11  Archon  
  137  11:36  Observer  
  137  11:38  Immortal  
  116  11:53  Stalker x2  
  116  11:54  Stalker x4  
  96  11:55  Stalker x2  
  80  12:36  Stalker x2  
  68  12:37  Stalker x3  
  68  12:38  Stalker x2  
Tags
 
League
GoldGold
Matchup
PvZ
Opening
Pool First
Spawn Locations
Cross Positions
Add a new tag
Caveats
  • Supply blocks, unpowered buildings, or Contaminate may cause inaccurate times.
  • Supply counts are checked every 10 seconds.